 Dungeon Crawl Stone Soup version 0.24.0-1-gfbc8707 (webtiles) character file.

Game seed: 11849255027343503302, levelgen mode: deterministic

1700 Illumine the Cleaver (level 8, -10/74 HPs)
             Began as a Deep Dwarf Fighter on Nov 6, 2019.
             Mangled by a wyvern (12 damage)
             ... on level 8 of the Dungeon.
             The game lasted 00:05:33 (3727 turns).

Illumine the Cleaver (Deep Dwarf Fighter)           Turns: 3727, Time: 00:05:34

Health: -10/74     AC: 11    Str: 21    XL:     8   Next: 73%
Magic:  3/3        EV:  9    Int: 10    God:
Gold:   217        SH:  0    Dex: 12    Spells: 7/7 levels left

rFire    . . .     SeeInvis .   C - +3 battleaxe
rCold    . . .     Gourm    .   (shield currently unavailable)
rNeg     . . .     Faith    .   b - +0 scale mail
rPois    .         Spirit   .   u - +1 helmet
rElec    .         Reflect  .   (no cloak)
rCorr    .         Harm     .   B - +0 pair of gloves
MR       +....                  (no boots)
Stlth    ..........             (no amulet)
HPRegen  0.00/turn              (no ring)
MPRegen  0.08/turn              (no ring)

@: non-regenerating
A: damage resistance, heal wounds, sense surroundings 1, no regeneration
a: Heal Wounds


You were on level 8 of the Dungeon.
You were not hungry.

You visited 2 branches of the dungeon, and saw 10 of its levels.

You collected 217 gold pieces.

Inventory:

Hand Weapons
 a - a +0 war axe
 q - a +3 morningstar
 C - a +3 battleaxe (weapon)
Armour
 b - a +0 scale mail (worn)
 c - a +0 shield
 u - a +1 helmet (worn)
 B - a +0 pair of gloves (worn)
Jewellery
 l - an uncursed ring of fire
 r - an uncursed ring of fire
Wands
 A - a wand of iceblast (9)
 D - a wand of enslavement (7)
 E - a wand of polymorph (10)
Scrolls
 e - 2 scrolls of blinking {unknown}
 g - 2 scrolls of teleportation {unknown}
 i - 4 scrolls of remove curse {unknown}
 j - 8 scrolls of identify {unknown}
 o - a scroll of fear {unknown}
 t - 2 scrolls of enchant weapon {unknown}
 w - 2 scrolls of enchant armour {unknown}
 y - a scroll of magic mapping {unknown}
Potions
 d - 2 potions of might
 h - 2 potions of ambrosia {unknown}
 k - a potion of cancellation {unknown}
 m - a potion of magic {unknown}
 n - a potion of heal wounds {unknown}
 p - 2 potions of berserk rage {unknown}
 s - a potion of curing {unknown}
 v - 2 potions of mutation {unknown}
 x - a potion of degeneration {unknown}
 z - 2 potions of brilliance {unknown}
Comestibles
 f - 5 rations
 F - a chunk of flesh


   Skills:
 + Level 5.3 Fighting
 * Level 8.2 Axes
 + Level 6.5 Armour
 - Level 5.8 Shields


You had 7 spell levels left.
You didn't know any spells.
Your spell library was empty.

Dungeon Overview and Level Annotations

Branches:
Dungeon (9/15)             Temple (1/1) D:5
   Lair: D:8-11         Orc: D:9-12

Altars:
Ashenzari
Dithmenos
Elyvilon
Fedhas
Gozag
Kikubaaqudgha
Nemelex Xobeh
Okawaru
Qazlal
Ru
Sif Muna
Trog
Uskayaw
Vehumet
Xom
Yredelemnul
Zin


Innate Abilities, Weirdness & Mutations

You are resistant to damage.
You can heal yourself by infusing magical energy.
You passively map a small area around you.
You do not regenerate.


Message History

You hit the wyvern but do no damage.
The wyvern bites you but does no damage.
The wyvern skeleton bites you but does no damage.
The wyvern bites you.
You hit the wyvern skeleton.
The wyvern skeleton is severely damaged.
You slash the wyvern! The wyvern misses you. The wyvern skeleton bites you!
The wyvern bites you!
* * * LOW HITPOINT WARNING * * *
The wyvern skeleton bites you but does no damage.
You barely miss the wyvern.
The wyvern is heavily wounded.
You slice the wyvern skeleton!!
You destroy the wyvern skeleton!
The wyvern hisses menacingly.
The wyvern closely misses you. The wyvern completely misses you.
The wyvern bites you!
* * * LOW HITPOINT WARNING * * *
The wyvern bites you!
You die...

* #........#
.........##........# #
**
.........##...)....# #
,
,,.........#####...###
# ,........^# #...# #
,......≈≈.#####...# #
, ≈...........>#...###
# ,
≈≈......l...........#
# , ,
≈......@...........# #
, ≈
.........###.......# #
, .........# #.......#
# .........# #.......#
# ** ##########
#...≈...# #...≈...#
#.......#####
#...........† , ,
#...≈........


You could see a wyvern.

Vanquished Creatures
  A phantom (D:8)
  2 ice beasts (D:5)
  An ogre (D:8)
  A centaur (D:6)
  A crocodile (D:8)
  A bullfrog (D:6)
  A wyvern skeleton (D:8)
  A scorpion (D:4)
  4 wights
  2 crimson imps
  2 hounds
  A jelly (D:8)
  2 orc priests (D:5)
  An orc wizard (D:4)
  A centaur skeleton (D:5)
  6 iguanas
  9 worker ants
  A hound zombie (D:5)
  2 worker ant zombies
  3 gnolls (D:3)
  3 adders
  An ooze (D:3)
  2 adder skeletons (D:6)
  2 worms
  2 dart slugs
  2 leopard geckos
  15 orcs
  2 ball pythons
  8 bats
  11 giant cockroaches
  8 goblins
  3 hobgoblins
  8 jackals
  5 kobolds
  3 quokkas
  7 frilled lizards
  A leopard gecko skeleton (D:3)
  5 rats
131 creatures vanquished.

Notes
Turn   | Place    | Note
-------+----------+-------------------------------------------
     0 | D:1      | Illumine the Deep Dwarf Fighter began the quest for the
                  | Orb.
     0 | D:1      | Reached XP level 1. HP: 20/20 MP: 1/1
   201 | D:1      | Reached XP level 2. HP: 14/27 MP: 2/2
   632 | D:1      | Reached skill level 3 in Axes
   632 | D:1      | Reached XP level 3. HP: 27/33 MP: 3/3
   947 | D:3      | Reached XP level 4. HP: 19/42 MP: 4/4
  1500 | D:4      | Reached skill level 4 in Axes
  1500 | D:4      | Reached XP level 5. HP: 33/49 MP: 5/5
  1626 | D:4      | Reached XP level 6. HP: 23/56 MP: 6/6
  1853 | D:4      | You fall into a shaft and drop 3 floors!
  1868 | D:7      | Found a shadowy altar of Dithmenos.
  1908 | D:6      | Reached skill level 5 in Axes
  1938 | D:5      | Entered Level 5 of the Dungeon
  1943 | D:5      | Noticed an ice beast
  1965 | D:5      | Killed an ice beast
  1983 | D:5      | Reached XP level 7. HP: 47/64 MP: 5/5
  2013 | D:5      | Found a basalt altar of Yredelemnul.
  2067 | D:5      | Reached skill level 5 in Armour
  2072 | D:5      | Found a stormy altar of Qazlal.
  2126 | D:5      | Found a radiant altar of Vehumet.
  2143 | D:5      | Reached skill level 5 in Shields
  2192 | D:5      | Reached skill level 6 in Axes
  2241 | D:5      | Found a staircase to the Ecumenical Temple.
  2263 | Temple   | Entered the Ecumenical Temple
  3179 | D:6      | Reached XP level 8. HP: 13/73 MP: 6/6
  3230 | D:6      | Reached skill level 7 in Axes
  3296 | D:6      | Found a hide-covered altar of Uskayaw.
  3296 | D:6      | Noticed a +0 hand axe
  3296 | D:6      | Noticed a +0 dagger
  3340 | D:6      | You fall into a shaft and drop 3 floors!
  3370 | D:8      | Found a shimmering altar of Xom.
  3370 | D:8      | Found a shimmering altar of Xom.
  3370 | D:8      | Found a shimmering altar of Xom.
  3370 | D:8      | Found a shimmering altar of Xom.
  3370 | D:8      | Found a shimmering altar of Xom.
  3490 | D:8      | Reached skill level 5 in Fighting
  3545 | D:8      | Found an opulent altar of Gozag.
  3691 | D:8      | Reached skill level 8 in Axes
  3727 | D:8      | HP: 2/74 [wyvern (11)]
  3727 | D:8      | Mangled by a wyvern

Levels and vault maps discovered:
D:1:      lightli_iron_boxes, layout_loops_ring, wad_floor_pattern_2,
          minmay_3d_cube
D:2:      layout_rooms, regret_index_temple_of_mockery,
          nicolae_overflow_hidden_temple, uniq_sigmund
D:3:      layout_basic, first_ration
D:4:      layout_loops_ring, minivault_23
D:5:      layout_basic, nicolae_overflow_crystal_walls, old_standard_altar,
          grunt_qazlal_clouds, minmay_temple_entry_large_hall
D:6:      layout_basic, lemuel_doored_altar, slow_altar_1,
          dancing_weapons_uskayaw
D:7:      layout_loops_corners, tso_altar, nicolae_dithmenos_the_darkroom,
          serial_shops, shop
D:8:      layout_basic, marbit_many_paths, xom_shifter_show
D:9:      layout_basic, erik_lair_orcish_takeover, zombieorc2_lemuel,
          hangedman_ranch [blue_anna_fruit_fields]
Temple:   cyrus_temple_forest

Skill      XL: |  1  2  3  4  5  6  7  8 |
---------------+-------------------------+-----
Axes           | 3 4 5 6 8 |  8.2
Fighting       | 3 4 5 |  5.3
Armour         | 4 5 6 |  6.5
Shields        | 4 5 |  5.8

Action                   |  1- 3 |  4- 6 |  7- 9 || total
-------------------------+-------+-------+-------++-------
Melee: War axe           |   117 |   160 |   215 ||   492
       Battleaxe         |       |       |    44 ||    44
 Abil: Heal Wounds       |     1 |     4 |     8 ||    13
  Eat: Chunk             |       |     4 |     3 ||     7
       Ration            |       |       |     1 ||     1
Armor: Scale mail        |    70 |   101 |   110 ||   281
Dodge: Dodged            |    48 |    53 |    80 ||   181
Block: Shield            |    89 |   113 |   133 ||   335
